 Dungeon Crawl Stone Soup version 0.21-a0-228-g14ccbf3 (webtiles) character file.

161 Blomdor the Chopper (level 5, -10/41 HPs)
             Began as a Barachi Warper on Sept 1, 2017.
             Killed by divine providence
             ... invoked by an orc priest
              (14 damage)
             ... on level 2 of the Dungeon.
             The game lasted 00:03:16 (1890 turns).

Blomdor the Chopper (Barachi Warper)                Turns: 1890, Time: 00:03:17

Health: -10/41     AC:  6    Str: 13    XL:     5   Next: 42%
Magic:  8/8        EV: 11    Int: 13    God:
Gold:   146        SH:  3    Dex: 12    Spells: 8/8 levels left

rFire    . . .     SeeInvis .   j - +0 hand axe (drain)
rCold    . . .     Gourm    .   u - +0 buckler
rNeg     . . .     Faith    .   b - +0 leather armour
rPois    .         Spirit   .   (no helmet)
rElec    .         Reflect  .   (no cloak)
rCorr    .         Harm     .   (no gloves)
MR       .....                  i - +2 pair of boots
Stlth    +.........             l - amulet of rage
HPRegen  0.13/turn              (no ring)
MPRegen  0.11/turn              (no ring)

@: slow
A: +LOS, swims, slowness 1, strong legs 1
a: Hop, Evoke Berserk Rage


You were on level 2 of the Dungeon.
You were not hungry.

You visited 1 branch of the dungeon, and saw 2 of its levels.

You collected 146 gold pieces.

Inventory:

Hand Weapons
 j - a +0 hand axe of draining (weapon)
Missiles
 e - 5 tomahawks of dispersal (quivered)
Armour
 b - a +0 leather armour (worn)
 i - a +2 pair of boots (worn)
 u - a +0 buckler (worn)
Jewellery
 l - an amulet of rage (around neck)
Scrolls
 a - 2 scrolls of amnesia {unknown}
 d - a scroll of blinking
 k - a scroll of immolation
 m - a scroll of remove curse
 n - a scroll of enchant weapon {unknown}
 o - a scroll of recharging {unknown}
 r - 3 scrolls of teleportation {unknown}
 t - a scroll of identify
Potions
 h - a potion of resistance {unknown}
 p - a potion of curing {unknown}
Books
 c - a book of Spatial Translocations

   Spells                             Type                      Level
   a - Blink                          Translocation                2
   b - Shroud of Golubria             Charms/Translocation         2
   c - Lesser Beckoning               Translocation                3
   d - Gell's Gravitas                Translocation                3
   e - Teleport Other                 Translocation                3
   f - Passage of Golubria            Translocation                4
Comestibles
 f - a bread ration
 q - a meat ration
 s - a royal jelly


   Skills:
 + Level 3.0 Fighting
 * Level 5.4 Axes
 - Level 1.0 Throwing
 + Level 1.9 Armour
 - Level 2.1 Dodging
 + Level 0.4 Shields
 - Level 2.1 Spellcasting
   Level 3.2 Translocations


You had 8 spell levels left.
You didn't know any spells.

Dungeon Overview and Level Annotations

Branches:
Dungeon (2/15)

Altars:
Ashenzari
Hepliaklqana
Nemelex Xobeh


Innate Abilities, Weirdness & Mutations

Shadows flee at your approach. (+LOS)
You can swim through water.
You cover ground slowly.
You can hop short distances.


Message History

The orc priest is moderately wounded.
The orc priest invokes the aid of Beogh against you.
Beogh smites you!
You hit the orc priest but do no damage.
The orc priest is moderately wounded.
The orc priest barely misses you.
You barely miss the orc priest.
The orc priest is moderately wounded.
The orc priest calls down the wrath of Beogh upon you.
Beogh smites you!
* * * LOW HITPOINT WARNING * * *
You hit the orc priest but do no damage.
The orc priest is moderately wounded.
The orc priest hits you with a dagger.
* * * LOW HITPOINT WARNING * * *
You barely miss the orc priest.
The orc priest is moderately wounded.
The orc priest invokes the aid of Beogh against you.
Beogh smites you!
You die...

#.........#####
#.............#
####.#.#.......#.#
.##..#.#.......#.#
....##.#.......#.#
...###.#.......#.#
##.....#.......#.#
..###..#.......#.#
#......#.......#@#
####...##.....##o# #
##..###$⌠$###.# #
###...#######..#
###...#...o......#
.#..####.........###
.>.### ###.###.....##
.)...####...........#
<...)......#....#####


You could see an orc priest.

Vanquished Creatures
  2 orc priests (D:2)
  3 gnolls (D:2)
  2 adders (D:2)
  An ooze (D:2)
  A leopard gecko (D:2)
  4 orcs
  3 ball pythons
  3 giant cockroaches
  6 goblins
  7 hobgoblins
  6 kobolds
  A quokka (D:2)
  5 bats
  A frilled lizard (D:1)
  5 rats
50 creatures vanquished.

Notes
Turn   | Place    | Note
-------+----------+-------------------------------------------
     0 | D:1      | Blomdor the Barachi Warper began the quest for the Orb.
     0 | D:1      | Reached XP level 1. HP: 17/17 MP: 3/3
   125 | D:1      | Reached XP level 2. HP: 22/23 MP: 5/5
   144 | D:1      | Reached skill level 3 in Axes
   820 | D:1      | Reached XP level 3. HP: 28/28 MP: 6/6
   915 | D:2      | Reached skill level 4 in Axes
   960 | D:2      | Found a hazy altar of Hepliaklqana.
   962 | D:2      | Found a shattered altar of Ashenzari.
   969 | D:2      | Found a sparkling altar of Nemelex Xobeh.
   979 | D:2      | Reached XP level 4. HP: 17/34 MP: 7/7
  1197 | D:2      | Reached skill level 5 in Axes
  1366 | D:2      | Reached XP level 5. HP: 37/40 MP: 8/8
  1890 | D:2      | Killed from afar by an orc priest

Vault maps used:
D:1:      minmay_arrival_shattered_statue, st_stairs_12, minmay_split_cup_small
D:2:      cheibrodos_pilgrimage, grunt_temple_overflow_open

Skill      XL: |  1  2  3  4  5 |
---------------+----------------+-----
Axes           | 3 4 5 |  5.4
Fighting       | 3 |  3.0
Throwing       | |  1.0
Armour         | |  1.9
Dodging        | |  2.1
Shields        | |  0.4
Spellcasting   | |  2.1
Translocations | |  3.2

Action                   |  1- 3 |  4- 6 || total
-------------------------+-------+-------++-------
Melee: Hand axe          |    89 |    71 ||   160
 Abil: Hop               |       |     1 ||     1
  Use: Scroll            |     3 |       ||     3
  Eat: Chunk             |     1 |     3 ||     4
Armor: Leather armour    |    26 |    14 ||    40
Dodge: Dodged            |    72 |    45 ||   117
Block: Buckler           |       |     3 ||     3

Table legend:
 A = Spawn XP
 B = Non-spawn XP
 C = Spawn XP percentage of total XP
 D = Spawn monster count
 E = Non-spawn monster count
 F = Spawn count percentage of total count
 G = Total turns spent on level
                    A         B        C        D         E        F      G
               +---------+---------+-------+---------+---------+-------+---------
         Total |       7 |     223 |   3.0 |       4 |      46 |   8.0 |  1890
               +---------+---------+-------+---------+---------+-------+---------
           D:1 |       2 |      43 |   4.4 |       1 |      26 |   3.7 |   998
           D:2 |       5 |     180 |   2.7 |       3 |      20 |  13.0 |   892
               +---------+---------+-------+---------+---------+-------+---------
